 Dungeon Crawl Stone Soup version 0.26.1-11-gd32895ea62 (webtiles) character file.

Game seed: 11441815456300068173

476 Eryximachus the Firebug (level 6, 0/44 HPs)
             Began as a Demonspawn Fire Elementalist on June 13, 2021.
             Slain by an adder skeleton (1 damage)
             ... on level 4 of the Dungeon on June 14, 2021.
             The game lasted 00:10:48 (4301 turns).

Eryximachus the Firebug (DsFE)                      Turns: 4301, Time: 00:10:49

Health: 0/44       AC:  3    Str:  9    XL:     6   Next: 84%
Magic:  0/10       EV: 12    Int: 18    God:
Gold:   154        SH:  0    Dex: 13    Spells: 5/11 levels left

rFire    . . .     SeeInvis .   u - +4 dagger
rCold    . . .     Faith    .   (no shield)
rNeg     . . .     Spirit   +   a - +0 robe
rPois    .         Reflect  .   (no helmet)
rElec    .         Harm     .   (no cloak)
rCorr    .         Rampage  .   (no gloves)
Will     .....                  m - +0 pair of boots
Stlth    ++........             (no amulet)
HPRegen  0.14/turn              (no ring)
MPRegen  0.12/turn              (no ring)

@: slowed, very slow
A: claws 1, talons 1, magic shield
a: no special abilities


You were on level 4 of the Dungeon.
You visited 1 branch of the dungeon, and saw 4 of its levels.

You collected 154 gold pieces.

Inventory:

Hand Weapons
 u - a +4 dagger (weapon)
Missiles
 h - 10 poisoned darts
Armour
 a - a +0 robe (worn)
 m - a +0 pair of boots (worn)
Jewellery
 g - an uncursed ring of see invisible
 p - an uncursed ring of wizardry {unknown}
 q - an uncursed amulet of regeneration {unknown}
 r - an uncursed ring of protection from fire {unknown}
Scrolls
 d - a scroll of teleportation {unknown}
 f - a scroll of enchant weapon {unknown}
 j - a scroll of amnesia {unknown}
 k - a scroll of remove curse {unknown}
 l - a scroll of magic mapping {unknown}
 n - 2 scrolls of immolation {unknown}
 t - 2 scrolls of identify
Potions
 b - 3 potions of might
 c - 2 potions of attraction
 e - a potion of heal wounds
 i - 3 potions of curing {unknown}
 o - a potion of degeneration {unknown}
 s - a potion of lignification {unknown}


   Skills:
 - Level 2.0 Fighting
 - Level 2.0 Dodging
 - Level 3.0 Stealth
 - Level 3.0 Spellcasting
 + Level 3.9 Conjurations
 + Level 4.6 Fire Magic


You had 5 spell levels left.
You knew the following spells:

 Your Spells              Type           Power        Failure   Level
a - Foxfire               Conj/Fire      72%          2%          1
b - Fireball              Conj/Fire      9%           61%         5

Your spell library contained the following spells:

 Spells                   Type           Power        Failure   Level
 Conjure Flame            Conj/Fire      18%          9%          3
 Inner Flame              Hex/Fire       11%          19%         3
 Sticky Flame             Conj/Fire      18%          28%         4


Dungeon Overview and Level Annotations

Branches:
Dungeon (4/15)
 Temple: D:4-7

Altars:


Innate Abilities, Weirdness & Mutations

You have sharp fingernails.
You have sharp toenails.
When hurt, damage is shared between your health and your magic reserves.


Message History

* * * LOW HITPOINT WARNING * * *
The orc wizard gestures at you while chanting.
You resist with some effort.
The orc wizard mumbles some strange words.
The orc wizard blinks!
The orc wizard hits you with a +0 dagger.
* * * LOW HITPOINT WARNING * * *
The orc wizard hits you with a +0 dagger.
* * * LOW HITPOINT WARNING * * *
The orc wizard hits you but does no damage.
The orc wizard mumbles some strange words.
The orc wizard blinks!
The orc wizard casts a spell at you. The magic dart hits you.
* * * LOW HITPOINT WARNING * * *
The orc wizard closely misses you.
The orc wizard hits you with a +0 dagger.
* * * LOW HITPOINT WARNING * * *
The adder skeleton bites you.
You die...

##.##.#..#.#######.#...#.
#.###.?##......# #.#.#...
.....###.#..## #.#...#)
#..###.....# #......)
#..........# #....)..
#?######...# ##.....# #.
#o..# #.....# .? #Zo.#
##.....# ... #@..#
##....### .#.#
#####o..######.....##
..#.
.<.......(..........## ..
.. .>....................
....................#
#####...#####......##
#..<# #.#....# #...#
#.##.#.# #...# #.##.#.#


You could see an orc priest, 2 orc wizards and an adder skeleton.

Vanquished Creatures
  A bullfrog (D:4)
  A hound (D:4)
  5 orc priests (D:4)
  2 orc wizards (D:4)
  A worker ant (D:4)
  6 adders
  2 adder skeletons (D:4)
  A worm (D:3)
  4 dart slugs
  2 leopard geckos
  11 orcs
  A giant cockroach (D:4)
  2 goblins (D:2)
  11 hobgoblins
  10 jackals
  A quokka (D:2)
  4 bats
  5 frilled lizards
  5 kobolds
  A quokka skeleton (D:4)
  11 rats
87 creatures vanquished.

Vanquished Creatures (others)
  240 foxfires
240 creatures vanquished.

Grand Total: 327 creatures vanquished

Notes
Turn   | Place    | Note
-------+----------+-------------------------------------------
     0 | D:1      | Eryximachus the Demonspawn Fire Elementalist began the
                  | quest for the Orb.
     0 | D:1      | Reached XP level 1. HP: 13/13 MP: 3/3
   214 | D:1      | Gained mutation: You have sharp fingernails. [demonic
                  | ancestry]
   214 | D:1      | Reached XP level 2. HP: 19/19 MP: 3/5
   228 | D:1      | Reached skill level 3 in Fire Magic
   928 | D:2      | Reached XP level 3. HP: 25/25 MP: 3/6
  1049 | D:2      | Reached skill level 1 in Fighting
  1627 | D:3      | Reached XP level 4. HP: 24/32 MP: 2/8
  2907 | D:4      | Gained mutation: When hurt, damage is shared between your
                  | health and your magic reserves. [demonic ancestry]
  2907 | D:4      | Reached XP level 5. HP: 38/38 MP: 5/9
  3248 | D:3      | Learned a level 5 spell: Fireball
  3619 | D:4      | Gained mutation: You have sharp toenails. [demonic
                  | ancestry]
  3619 | D:4      | Reached XP level 6. HP: 43/44 MP: 5/10
  3641 | D:4      | Reached skill level 4 in Fire Magic
  4301 | D:4      | HP: 1/44 [orc wizard/+0 dagger (2)]
  4301 | D:4      | Slain by an adder skeleton

Illustrated notes

Levels and vault maps discovered:
D:1:      dpeg_arrival_rhombi, layout_rooms
D:2:      layout_rooms, grunt_ministairs_1
D:3:      layout_loops_ring
D:4:      layout_loops_cross

Skill      XL: |  1  2  3  4  5  6 |
---------------+-------------------+-----
Dodging        | 2 |  2.0
Stealth        | 2 3 |  3.0
Fire Magic     | 3 4 |  4.6
Conjurations   | 2 3 |  3.9
Fighting       | 1 2 |  2.0
Spellcasting   | 3 |  3.0

Action                   |  1- 3 |  4- 6 || total
-------------------------+-------+-------++-------
Melee: Unarmed           |    14 |    31 ||    45
       Dagger            |       |    18 ||    18
 Cast: Foxfire           |    69 |    79 ||   148
  Use: Scroll            |     3 |       ||     3
       Potion            |       |     2 ||     2
Armor: Robe              |     6 |    13 ||    19
Dodge: Dodged            |    18 |    53 ||    71
